Map: Deathaura LE

Players

LiquidClem (Clem)

  • Race: Terran Terran
  • League: Grandmaster
  • Spawn Location: 11:00

Neeblet (Neeb) - Winner!

  • Race: Protoss Protoss
  • League: Grandmaster
  • Spawn Location: 5:00

Event: DreamHack SC2 Masters 2020 Winter

VOD

Have the link to the VOD?

Description

Time

  • Played on: Nov. 10, 2020, 9:40 a.m.
  • Length: 18:54

All games in this series

Show
View Real Time Build Order
Export as new Build Order

LiquidClem Terran 

Build Orders:  

Get SALT Encoding   

  12  0:00  SCV  
  13  0:12  SCV  
  14  0:17  Supply Depot  
  14  0:24  SCV  
  15  0:29  Refinery  
  15  0:38  SCV  
  16  0:45  Barracks  
  16  0:50  SCV  
  17  1:02  SCV  
  18  1:11  Engineering Bay  
  18  1:14  SCV  
  19  1:32  Orbital Command, Marine  
  20  1:37  Factory  
  20  1:45  Supply Depot  
  20  1:50  Barracks Reactor  
  20  1:58  SCV  
  21  2:10  SCV  
  22  2:23  Command Center  
  25  2:30  Hellion x2  
  25  2:33  Supply Depot, Reaper  
  27  2:37  SCV  
  28  2:47  Refinery  
  28  2:49  SCV  
  29  2:51  Hellion  
  29  2:55  Hellion  
  33  3:01  SCV  
  33  3:05  Starport  
  34  3:08  Barracks Tech Lab  
  34  3:13  SCV  
  35  3:25  SCV  
  36  3:30  Cyclone  
  39  3:35  Marine x2  
  39  3:36  Orbital Command  
  39  3:38  SCV  
  38  3:50  SCV  
  38  3:53  Starport Tech Lab  
  38  3:54  Marine x2  
  39  4:02  SCV x2, Siege Tank  
  41  4:05  Supply Depot  
  41  4:11  Banshee  
  41  4:14  SCV, Marine x2  
  47  4:19  SCV  
  48  4:25  Cloaking Field  
  48  4:26  SCV  
  48  4:31  SCV  
  50  4:32  Marine x2  
  50  4:33  Supply Depot  
  52  4:39  SCV  
  52  4:43  SCV  
  54  4:48  Siege Tank  
  54  4:51  Command Center  
  54  4:52  Marine x2  
  59  4:55  SCV  
  59  4:56  SCV  
  61  5:02  Supply Depot  
  61  5:06  Banshee  
  64  5:08  SCV x2  
  64  5:09  Marine  
  64  5:10  Marine  
  64  5:13  Barracks  
  68  5:19  Barracks  
  68  5:21  SCV  
  68  5:23  SCV  
  70  5:30  Siege Tank  
  70  5:33  Supply Depot, Marine  
  70  5:35  Marine  
  74  5:37  SCV  
  74  5:38  SCV  
  77  5:43  Refinery  
  77  5:50  Supply Depot  
  77  5:51  Marine  
  77  5:54  SCV, Marine  
  77  5:55  Starport Reactor  
  80  5:58  SCV, Bunker  
  80  5:59  Bunker  
  81  6:06  Bunker  
  81  6:07  Barracks Tech Lab  
  81  6:08  SCV, Siege Tank  
  81  6:09  Marine  
  86  6:12  Marine  
  86  6:18  Marine  
  86  6:19  SCV  
  86  6:21  Orbital Command  
  86  6:23  Stimpack  
  71  6:26  SCV  
  71  6:27  Marine  
  71  6:30  Marine  
  71  6:31  SCV  
  71  6:32  Marauder  
  74  6:37  Refinery  
  74  6:38  SCV, Engineering Bay  
  74  6:39  Engineering Bay, Orbital Command  
  74  6:43  SCV  
  75  6:50  SCV  
  75  6:53  Marine x2  
  75  6:54  Marauder, Siege Tank  
  80  6:55  SCV  
  80  7:01  Barracks  
  82  7:02  SCV, Barracks  
  82  7:05  SCV  
  82  7:07  Terran Infantry Weapons Level 1  
  84  7:10  Marauder  
  84  7:11  SCV  
  84  7:12  Marine  
  84  7:13  Marine  
  89  7:17  SCV  
  89  7:18  Supply Depot  
  89  7:22  Medivac  
  92  7:23  Marine  
  92  7:24  Medivac  
  95  7:30  Supply Depot, Marine x2  
  95  7:31  SCV  
  95  7:34  Terran Infantry Armor Level 1  
  95  7:36  Marauder  
  100  7:41  SCV x2  
  104  7:44  Marauder  
  104  7:46  SCV  
  104  7:47  Supply Depot  
  104  7:48  Refinery  
  104  7:49  Refinery  
  104  7:50  Siege Tank  
  104  7:51  Marine x2  
  109  7:54  Barracks Tech Lab  
  109  7:55  SCV, Supply Depot  
  109  7:56  SCV  
  109  7:57  Barracks Reactor  
  112  8:02  SCV  
  112  8:04  Marauder  
  117  8:05  Marauder  
  117  8:08  SCV  
  117  8:09  SCV, Supply Depot  
  117  8:10  Missile Turret  
  119  8:13  Combat Shield  
  119  8:14  Marine x2  
  119  8:15  Marauder  
  119  8:17  SCV  
  124  8:20  SCV  
  124  8:25  Marauder  
  129  8:27  Marauder  
  129  8:30  Medivac  
  129  8:32  Marine  
  129  8:33  Medivac, Marine  
  129  8:34  Marine x2  
  136  8:35  Supply Depot  
  136  8:37  Marauder  
  139  8:47  SCV, Marauder  
  139  8:48  SCV, Marauder  
  145  8:49  Ghost Academy  
  145  8:51  Command Center  
  145  8:53  Supply Depot  
  145  8:54  Armory  
  145  8:55  Marine x3  
  145  9:01  Siege Tank  
  151  9:04  Marine  
  151  9:05  Marauder  
  151  9:06  Supply Depot  
  156  9:10  Marauder, Sensor Tower  
  156  9:11  Missile Turret  
  156  9:13  Marine  
  151  9:17  Marauder  
  151  9:20  Marine x2  
  151  9:22  Marine  
  151  9:23  Viking x2  
  146  9:26  Marauder  
  145  9:31  Concussive Shells, Ghost  
  145  9:33  Marine  
  149  9:38  Marauder  
  149  9:44  Marine x2  
  149  9:45  Siege Tank  
  143  9:48  Marauder  
  143  9:51  Barracks x2  
  143  9:52  Marine x2, Barracks  
  147  9:58  Viking x2  
  147  9:59  Marine  
  152  10:00  Ghost  
  152  10:04  SCV x3  
  157  10:08  Supply Depot, Bunker  
  157  10:11  Ghost  
  157  10:12  Marine x3  
  157  10:13  Marine  
  163  10:16  Terran Infantry Weapons Level 2  
  163  10:20  SCV x3  
  166  10:23  Terran Infantry Armor Level 2  
  166  10:29  Supply Depot  
  166  10:31  Supply Depot  
  90  10:35  Viking x2  
  166  10:37  Marauder  
  166  10:38  Marauder  
  166  10:41  SCV  
  166  10:42  Refinery  
  175  10:43  Refinery  
  175  10:44  Marine x4  
  175  10:47  Planetary Fortress  
  179  10:50  SCV x2  
  179  10:51  Missile Turret  
  179  10:52  Missile Turret  
  179  10:54  Barracks Tech Lab x2  
  179  10:55  Barracks Tech Lab  
  179  10:56  Missile Turret  
  181  10:59  Marauder  
  181  11:01  SCV  
  184  11:05  Marine x3  
  184  11:08  Enhanced Shockwaves  
  184  11:10  Marine  
  188  11:11  Marauder  
  188  11:12  Marauder  
  188  11:15  Marauder  
  185  11:19  Ghost  
  185  11:20  Marauder  
  185  11:23  Siege Tank  
  185  11:24  Marauder  
  161  11:29  Marine x2  
  132  11:33  Marauder x2  
  132  11:34  Marine x2  
  132  11:36  Marauder  
  138  11:41  Medivac, Marauder  
  138  11:42  Medivac  
  138  11:45  SCV x2, Marauder  
  148  11:48  Marauder, Marine  
  151  11:54  Marauder x2  
  151  11:55  Marine  
  151  11:56  Marine x2  
  151  11:58  Marauder  
  151  12:00  Command Center  
  154  12:02  Ghost, Siege Tank  
  154  12:05  Marine  
  154  12:06  Ghost  
  162  12:09  Marauder  
  162  12:11  Medivac  
  162  12:12  Medivac  
  162  12:13  Marine x2  
  162  12:14  Marine  
  173  12:16  Marauder  
  173  12:18  Terran Ship Weapons Level 1  
  173  12:23  Starport, Marine  
  173  12:25  Ghost, Command Center  
  173  12:28  Marauder  
  178  12:31  Marauder, Marine  
  178  12:34  SCV  
  171  12:38  Marauder  
  171  12:39  Marauder  
  167  12:44  Medivac  
  167  12:45  SCV  
  167  12:48  SCV  
  167  12:49  Marauder  
  171  12:52  Marauder  
  171  12:54  SCV, Marauder  
  171  12:57  Marine  
  172  13:00  Marauder, Siege Tank  
  172  13:02  SCV, Marauder  
  172  13:04  Marauder, Marine  
  171  13:05  Marine  
  171  13:06  Marine  
  171  13:10  Marauder  
  159  13:13  Marine  
  159  13:15  Marine x2  
  149  13:21  Marauder, Marine  
  149  13:23  Marauder, Marine x2  
  149  13:25  Marauder  
  155  13:29  Command Center  
  155  13:31  Marauder  
  155  13:32  Viking, Marauder  
  161  13:36  Marine x2  
  161  13:39  Marine  
  163  13:43  Refinery, Marauder  
  163  13:44  Marine x2  
  163  13:48  Marauder  
  169  13:52  Bunker  
  169  13:57  SCV x2  
  169  13:59  Orbital Command  
  171  14:06  Medivac  
  173  14:10  Ghost  
  173  14:11  Marauder  
  173  14:14  SCV  
  173  14:16  Marine x3  
  178  14:23  Marauder  
  179  14:26  Marauder  
  179  14:28  Marauder  
  179  14:29  Marauder  
  181  14:33  Ghost  
  181  14:38  Marine  
  177  14:39  Ghost  
  177  14:43  SCV x3  
  175  14:46  SCV  
  175  14:48  Ghost  
  175  14:50  Marauder  
  154  14:55  SCV, Viking  
  154  14:56  SCV  
  153  15:03  Marine  
  153  15:04  Ghost, Marine  
  153  15:14  Ghost  
  153  15:16  Marine  
  153  15:17  Ghost, Marine  
  145  15:22  SCV, Ghost  
  145  15:27  Ghost  
  139  15:33  Viking  
  140  15:37  Viking  
  140  15:38  Viking  
  140  15:40  Planetary Fortress  
  143  15:48  Missile Turret  
  143  15:52  Siege Tank  
  143  15:53  Marauder x2  
  150  15:59  Terran Infantry Weapons Level 3  
  150  16:04  Missile Turret  
  150  16:05  SCV x3, Refinery  
  150  16:06  SCV  
  150  16:09  Marine x4  
  158  16:17  Marauder  
  156  16:19  Marine x2  
  156  16:22  Viking  
  156  16:24  Marauder, Siege Tank  
  154  16:29  SCV  
  154  16:31  SCV  
  143  16:33  SCV  
  143  16:36  Marauder  
  143  16:38  Marine x2  
  143  16:39  Marine  
  148  16:41  Marauder  
  148  16:43  Marauder, Marine  
  148  16:46  SCV x2  
  152  16:47  Marauder x2, Marine  
  152  16:49  Viking  
  152  16:53  SCV  
  160  16:56  Marine  
  160  16:59  Marine  
  160  17:00  Command Center  
  161  17:04  Marine  
  161  17:05  Marine  
  161  17:07  Liberator, Siege Tank  
  163  17:18  Viking  
  163  17:19  Viking, Marauder  
  163  17:20  Marauder  
  165  17:24  Marine x2  
  165  17:25  Marauder  
  165  17:26  Ghost  
  165  17:32  Marine x2  
  165  17:33  Marauder  
  165  17:34  Marauder  
  171  17:39  Siege Tank  
  171  17:40  Marine  
  171  17:41  Marauder  
  171  17:42  Marine  
  167  17:44  Marine  
  167  17:47  Marauder  
  170  17:52  Medivac  
  170  17:53  Marine x2  
  170  17:55  Marauder, Marine  
  170  17:56  Marauder  
  179  17:59  Marauder  
  179  18:02  Marine  
  182  18:08  Ghost  
  182  18:09  Marine  
  182  18:11  Siege Tank  
  177  18:13  Marine  
  177  18:16  Marauder  
  177  18:17  Marauder  
  177  18:18  Ghost  
  155  18:20  Marine x3  
  155  18:24  Marine  
  155  18:26  Marine  
  132  18:31  Marine  
Show
View Real Time Build Order
Export as new Build Order

Neeblet Protoss - Winner!

Build Orders: Colossus Rush 

Get SALT Encoding   

  12  0:00  Probe  
  13  0:12  Probe  
  14  0:17  Pylon  
  14  0:24  Probe  
  15  0:35  Gateway  
  15  0:37  Probe (Chrono Boost)  
  16  0:46  Probe (Chrono Boost), Assimilator  
  17  0:51  Probe (Chrono Boost)  
  18  1:03  Probe  
  19  1:15  Probe  
  19  1:16  Pylon  
  20  1:24  Cybernetics Core  
  20  1:27  Probe  
  21  1:49  Nexus  
  21  1:52  Probe  
  22  1:58  Assimilator  
  22  2:00  Adept (Chrono Boost)  
  22  2:07  Probe  
  25  2:09  Warp Gate  
  25  2:19  Probe  
  25  2:21  Adept (Chrono Boost)  
  26  2:29  Pylon  
  28  2:32  Probe  
  29  2:43  Shield Battery, Sentry  
  31  2:47  Probe, Shield Battery  
  32  3:03  Probe x2 (Chrono Boost), Robotics Facility  
  34  3:12  Probe (Chrono Boost)  
  36  3:14  Probe (Chrono Boost), Stalker  
  36  3:17  Probe (Chrono Boost)  
  39  3:23  Probe  
  40  3:29  Probe  
  41  3:36  Probe  
  42  3:46  Probe  
  41  3:53  Probe, Observer  
  41  3:54  Nexus  
  43  3:57  Pylon  
  43  3:58  Stalker  
  43  4:02  Probe (Chrono Boost)  
  46  4:05  Probe (Chrono Boost)  
  46  4:08  Robotics Bay  
  47  4:13  Probe (Chrono Boost)  
  47  4:14  Probe (Chrono Boost), Observer  
  47  4:16  Pylon  
  50  4:19  Probe (Chrono Boost), Assimilator  
  50  4:21  Probe, Assimilator  
  52  4:31  Probe, Stalker  
  54  4:33  Probe  
  54  4:36  Observer (Chrono Boost)  
  54  4:37  Pylon  
  57  4:43  Probe  
  58  4:45  Gateway  
  58  4:46  Gateway  
  58  4:49  Probe  
  59  4:53  Pylon  
  59  4:58  Colossus (Chrono Boost)  
  59  5:04  Probe  
  59  5:05  Probe  
  67  5:07  Shield Battery  
  67  5:14  Probe  
  67  5:17  Probe  
  67  5:19  Sentry  
  67  5:21  Probe  
  71  5:23  Extended Thermal Lance  
  71  5:26  Probe  
  72  5:29  Probe, Pylon  
  72  5:33  Probe  
  74  5:39  Probe  
  74  5:40  Stalker x2  
  74  5:41  Probe  
  74  5:42  Observer (Chrono Boost)  
  81  5:45  Probe  
  81  5:47  Pylon  
  82  5:51  Probe  
  82  5:53  Probe  
  82  5:54  Stalker  
  86  5:57  Probe  
  86  5:59  Colossus (Chrono Boost)  
  93  6:04  Zealot x2  
  93  6:19  Stalker  
  93  6:25  Probe  
  86  6:27  Stalker x2  
  86  6:29  Probe  
  83  6:35  Probe  
  76  6:41  Probe  
  76  6:43  Colossus (Chrono Boost)  
  76  6:44  Probe  
  84  6:47  Stalker  
  84  6:51  Forge  
  84  6:52  Probe  
  84  6:53  Probe, Forge  
  87  6:54  Twilight Council  
  87  6:56  Probe, Assimilator x2  
  87  6:58  Pylon  
  87  6:59  Sentry, Zealot  
  92  7:04  Probe  
  92  7:08  Gateway  
  93  7:09  Gateway  
  93  7:11  Gateway  
  93  7:13  Sentry  
  93  7:14  Pylon, Gateway  
  95  7:16  Gateway  
  95  7:24  Stalker, Sentry  
  95  7:28  Warp Prism (Chrono Boost)  
  101  7:32  Pylon, Nexus  
  101  7:33  Protoss Ground Armor Level 1 (Chrono Boost)  
  100  7:37  Protoss Ground Weapons Level 1 (Chrono Boost)  
  100  7:40  Probe x2  
  100  7:41  Probe  
  97  7:45  Charge (Chrono Boost)  
  97  7:52  Probe x2  
  97  7:53  Probe  
  100  8:01  Templar Archives, Pylon  
  100  8:03  Pylon, Zealot x5  
  110  8:06  Immortal (Chrono Boost)  
  114  8:15  Zealot  
  114  8:16  Zealot  
  118  8:20  Photon Cannon  
  118  8:22  Photon Cannon  
  118  8:25  Probe x2  
  118  8:26  Probe, Photon Cannon  
  119  8:38  Zealot, High Templar x2  
  119  8:39  Zealot x3  
  131  8:42  Archon  
  131  8:46  Immortal (Chrono Boost)  
  135  8:52  Pylon  
  135  9:02  Zealot x2  
  139  9:06  Zealot x4  
  143  9:13  Pylon  
  143  9:15  Pylon x2  
  131  9:19  Nexus  
  125  9:24  Immortal (Chrono Boost)  
  125  9:28  High Templar  
  125  9:29  High Templar x3  
  137  9:34  Archon x2  
  137  9:36  Pylon  
  137  9:38  Protoss Ground Armor Level 2 (Chrono Boost)  
  137  9:42  Probe, Protoss Ground Weapons Level 2 (Chrono Boost)  
  137  9:43  Probe x2  
  140  9:50  Robotics Facility, High Templar  
  140  9:55  Probe x3  
  140  9:57  Observer  
  144  10:06  High Templar  
  144  10:07  Probe x2  
  147  10:09  Photon Cannon  
  147  10:10  Shield Battery  
  147  10:13  Archon  
  148  10:14  Pylon  
  148  10:18  Gateway  
  148  10:20  Gateway  
  148  10:23  Immortal  
  148  10:26  Sentry x2  
  148  10:27  Zealot x2  
  160  10:31  Blink  
  160  10:34  Photon Cannon  
  160  10:42  Zealot x3  
  166  10:52  Immortal  
  166  10:53  Pylon  
  170  11:00  High Templar  
  170  11:01  Zealot x2, High Templar  
  170  11:03  Immortal (Chrono Boost)  
  182  11:06  Archon  
  182  11:07  Zealot x3  
  178  11:22  Zealot x4  
  140  11:37  Colossus (Chrono Boost)  
  140  11:38  Zealot x2, Colossus (Chrono Boost)  
  140  11:39  Zealot x3  
  150  11:46  Assimilator  
  162  11:47  Assimilator, Protoss Ground Armor Level 3 (Chrono Boost)  
  162  11:54  Protoss Ground Weapons Level 3 (Chrono Boost)  
  150  12:01  Zealot  
  150  12:02  Zealot x3  
  150  12:06  Nexus  
  158  12:10  Pylon  
  158  12:15  Probe x3  
  161  12:17  Probe  
  161  12:20  Observer  
  162  12:26  Zealot x6  
  162  12:27  Zealot x3  
  180  12:30  Dark Shrine, Disruptor (Chrono Boost)  
  180  12:34  Disruptor (Chrono Boost)  
  180  12:35  Pylon  
  165  12:48  Zealot x6  
  147  13:03  Zealot x3  
  141  13:08  Zealot x4  
  141  13:09  Zealot x2  
  146  13:19  Probe  
  135  13:20  Probe  
  135  13:21  Probe  
  135  13:24  Probe x2  
  135  13:27  Zealot  
  129  13:30  High Templar x8  
  145  13:38  Disruptor (Chrono Boost)  
  145  13:39  Disruptor (Chrono Boost)  
  145  13:40  Archon x3  
  151  13:48  Pylon  
  151  13:49  High Templar  
  151  13:55  Archon  
  153  13:58  Pylon  
  153  14:00  Observer  
  153  14:02  Dark Templar  
  155  14:03  Dark Templar  
  155  14:06  Dark Templar  
  155  14:07  Zealot x5  
  165  14:11  Disruptor x2 (Chrono Boost)  
  165  14:12  Shield Battery  
  165  14:15  Pylon  
  167  14:28  High Templar x2  
  167  14:29  Zealot x4  
  179  14:33  Archon  
  174  14:40  Zealot x3  
  167  14:51  Zealot x4  
  150  14:56  Immortal x2  
  150  14:57  Protoss Shields Level 1 (Chrono Boost)  
  152  15:01  Zealot x2, Dark Templar  
  152  15:02  Shield Battery, Zealot x2  
  151  15:20  Stalker x4  
  147  15:29  Zealot x3, High Templar  
  147  15:33  Archon, Disruptor x2 (Chrono Boost)  
  147  15:34  Assimilator x2  
  155  15:36  Archon  
  155  15:37  Shadow Stride (Chrono Boost)  
  155  15:42  Sentry  
  160  15:54  Dark Templar  
  160  15:56  Dark Templar  
  164  15:59  High Templar  
  164  16:00  Zealot x4  
  174  16:06  Zealot, High Templar  
  174  16:09  Disruptor x2 (Chrono Boost)  
  174  16:11  Archon  
  158  16:32  Nexus  
  156  16:38  Disruptor x2  
  149  16:40  High Templar  
  149  16:41  Sentry, Zealot, High Templar  
  149  16:42  Zealot x5  
  149  16:44  Pylon  
  149  16:45  Archon  
  165  16:56  Pylon  
  165  17:03  Zealot, High Templar x2  
  165  17:04  Zealot x3  
  165  17:06  Pylon  
  177  17:09  Archon, Photon Cannon  
  177  17:12  Disruptor (Chrono Boost)  
  177  17:15  Photon Cannon  
  174  17:16  Photon Cannon  
  174  17:17  Stalker x3  
  174  17:22  Disruptor (Chrono Boost)  
  169  17:31  Photon Cannon  
  169  17:34  Photon Cannon  
  163  17:40  Stalker x5, Zealot  
  163  17:41  Zealot x3  
  184  17:45  Assimilator x2  
  184  17:46  Photon Cannon  
  184  17:47  Disruptor (Chrono Boost)  
  184  17:48  Disruptor (Chrono Boost)  
  178  18:09  Zealot x9  
  146  18:31  Stalker  
  146  18:32  Stalker x8  
  146  18:33  Probe x4  
  163  18:37  Probe  
Tags
 
Add a new tag
Caveats
  • Supply blocks, unpowered buildings, or Contaminate may cause inaccurate times.
  • Supply counts are checked every 10 seconds.